 Dungeon Crawl Stone Soup version 0.21-a0-421-gfc1ce30 (webtiles) character file.

2 sketchy the Magician (level 1, -1/15 HPs)
             Began as a Mummy Wanderer on Nov 4, 2017.
             Slain by a leopard gecko (4 damage)
             ... on level 1 of the Dungeon.
             The game lasted 00:01:21 (164 turns).

sketchy the Magician (Mummy Wanderer)                Turns: 164, Time: 00:01:21

Health: -1/15      AC:  2    Str: 14    XL:     1   Next: 33%
Magic:  3/4        EV: 11    Int: 11    God:
Gold:   29         SH:  0    Dex: 12    Spells: 4/5 levels left

rFire    . . .     SeeInvis .   a - +2 dagger
rCold    + . .     Gourm    .   (no shield)
rNeg     + + +     Faith    .   e - +0 robe
rPois    ∞         Spirit   .   (no helmet)
rElec    .         Reflect  .   (no cloak)
rCorr    .         Harm     .   (no gloves)
MR       .....                  (no boots)
Stlth    ++........             (no amulet)
HPRegen  0.05/turn              h - ring of protection from fire
MPRegen  0.09/turn              (no ring)

@: very slightly contaminated
A: no food or potions, fire vulnerability, cold resistance 1, negative energy
resistance 3, torment resistance, unbreathing
a: no special abilities


You were on level 1 of the Dungeon.
You were not hungry.

You visited 1 branch of the dungeon, and saw 1 of its levels.

You collected 29 gold pieces.

Inventory:

Hand Weapons
 a - a +2 dagger (weapon)
Missiles
 f - 23 stones (quivered)
Armour
 e - a +0 robe (worn)
 g - a +0 chain mail
Jewellery
 h - a ring of protection from fire (left hand)
Scrolls
 b - a scroll of fear
 i - a scroll of fog {unknown}
Books
 c - the Incunabulum of Gravity

   Spells                             Type                      Level
   a - Shock                          Conjuration/Air              1
   b - Static Discharge               Conjuration/Air              3
 d - the Guide on Displacement

   Spells                             Type                      Level
   a - Apportation                    Translocation                1
   b - Recall                         Summoning/Translocation      3


   Skills:
 - Level 1.0 Fighting
 + Level 0.5 Short Blades
   Level 1.5 Maces & Flails
 - Level 1.0 Throwing
 - Level 1.0 Stealth
 - Level 2.6 Spellcasting
   Level 1.5 Translocations
   Level 1.0 Transmutations


You had 4 spell levels left.
You knew the following spells:

 Your Spells              Type           Power        Failure   Level  Hunger
a - Shock                 Conj/Air       #...         26%         1    N/A

Dungeon Overview and Level Annotations

Branches:
Dungeon (1/15)

Altars:


Innate Abilities, Weirdness & Mutations

You do not eat or drink.
Your flesh is vulnerable to fire.
You are immune to poison.
Your flesh is cold resistant. (rC+)
You are immune to negative energy. (rN+++)
You are immune to unholy pain and torment.
You can survive without breathing.


Message History

Aiming: Shock
Press: ? - help, Shift-Dir - straight line, f/p - leopard gecko
Aim: a leopard gecko (heavily wounded) That beam is likely to hit you.
Continue anyway?
Okay, then.
Casting: Shock
Confirm with . or Enter, or press ? or * to list all spells.
Aiming: Shock
Press: ? - help, Shift-Dir - straight line, f/p - leopard gecko
Aim: a leopard gecko (heavily wounded) That beam is likely to hit you.
Continue anyway?
Okay, then.
Unknown command.
The leopard gecko closely misses you.
Unknown command.
Unknown command.
You hit the leopard gecko.
The leopard gecko is almost dead.
The leopard gecko bites you.
You die...

######.# #.......
#....... # +.......
#.###### #.......
###......##########.#####
........................#
........l...............#
........@...............#
......##+######.........#
...... # #.........#
###... #.######.........#
#.# #.........##.##### #.
#................. #
#.................
#...!.............
#.......†........


You could see a leopard gecko.

Vanquished Creatures
  A hobgoblin (D:1)
  A frilled lizard (D:1)
  A kobold (D:1)
3 creatures vanquished.

Notes
Turn   | Place    | Note
-------+----------+-------------------------------------------
     0 | D:1      | sketchy the Mummy Wanderer began the quest for the Orb.
     0 | D:1      | sketchy set off with: a +2 dagger, a scroll of fear, the Incunabulum of Gravity, the Guide on Displacement, a +0 robe
     0 | D:1      | Reached XP level 1. HP: 15/15 MP: 4/4
     0 | D:1      | Identified the Incunabulum of Gravity
     0 | D:1      | Identified the Guide on Displacement
    26 | D:1      | Learned a level 1 spell: Shock
   164 | D:1      | Slain by a leopard gecko

Vault maps used:
D:1:      dpeg_arrival_tiny_k

Action                   || total
-------------------------++-------
Melee: Dagger            ||     8
 Cast: Shock             ||     4
Armor: Robe              ||     1
Dodge: Dodged            ||     2

Table legend:
 A = Spawn XP
 B = Non-spawn XP
 C = Spawn XP percentage of total XP
 D = Spawn monster count
 E = Non-spawn monster count
 F = Spawn count percentage of total count
 G = Total turns spent on level
                    A         B        C        D         E        F      G
               +---------+---------+-------+---------+---------+-------+---------
         Total |       0 |       4 |   0.0 |       0 |       3 |   0.0 |   164
               +---------+---------+-------+---------+---------+-------+---------
           D:1 |       0 |       4 |   0.0 |       0 |       3 |   0.0 |   164
               +---------+---------+-------+---------+---------+-------+---------
